 Dungeon Crawl Stone Soup version 0.31.0-11-ge490571c62 (webtiles) character file.

Game seed: 7949126787506800344

337 Daunt the Chopper (level 6, -7/29 (33) HPs)
             Began as a Vine Stalker Fighter on Jan 28, 2024.
             Mangled by Pikel
             ... wielding a +1 whip of electrocution
              (17 damage)
             ... on level 5 of the Dungeon.
             The game lasted 00:07:51 (889 turns).

Daunt the Chopper (Vine Stalker Fighter)             Turns: 889, Time: 00:07:51

HP:   -7/29 (33)    AC: 10    Str: 21    XL:     6   Next: 54%
MP:   0/7           EV:  7    Int:  8    God:
Gold: 94            SH:  5    Dex: 13    Spells: 5/5 levels left

rFire   . . .        q - +2 whip (elec)
rCold   . . .        c - +0 buckler
rNeg    . . .        o - +0 chain mail
rPois   .            p - +0 helmet
rElec   .            m - scarf {+Inv}
rCorr   .            (no gloves)
SInv    .            (no boots)
Will    .....        (no amulet) Stlth
                     (no ring)
HPRegen 1.04/turn    (no ring)
MPRegen 0.10/turn

%: guardian spirit
@: heavily drained
A: fangs 2, regeneration 1, magic shield, antimagic bite, no potion heal 2
a: Evoke Invisibility


You were on level 5 of the Dungeon.
You visited 1 branch of the dungeon, and saw 5 of its levels.

You collected 94 gold pieces.

Inventory:

Hand Weapons
 a - a +0 war axe
 f - a +0 sling
 q - a +2 whip of electrocution (weapon)
Missiles
 e - 5 poisoned darts (quivered)
 h - 4 stones
 l - a throwing net
Armour
 c - a +0 buckler (worn)
 m - a scarf of invisibility (worn)
 o - a +0 chain mail (worn)
 p - a +0 helmet (worn)
Wands
 d - a wand of roots (5)
Scrolls
 j - a scroll of torment {unknown}
Potions
 b - a potion of heal wounds {unknown}
 g - a potion of ambrosia {unknown}
 i - a potion of berserk rage {unknown}
 k - a potion of curing {unknown}
 n - a potion of enlightenment {unknown}


   Skills:
 + Level 4.1 Fighting
 - Level 4.2 Axes
 - Level 3.0 Armour
 - Level 3.4 Shields


You had 5 spell levels left.
You didn't know any spells.
Your spell library was empty.

Dungeon Overview and Level Annotations

Branches:
Dungeon (5/15)
 Temple: D:4-7

Altars:

Shops:
D:2 [

Annotations:
D:5 Pikel


Innate Abilities, Weirdness & Mutations

You have extremely sharp teeth.
Your natural rate of healing is unusually fast.
When hurt, damage is shared between your health and your magic reserves.
Your bite disrupts and absorbs the magic of your enemies.
Potions cannot restore your health.


Message History

Pikel is moderately wounded.
Pikel closely misses you.
You closely miss Pikel.
Pikel is moderately wounded.
Pikel hits you with a +1 whip of electrocution.
You whack Pikel! You bite Pikel, but do no damage.
Pikel is heavily wounded.
You block Pikel's attack.
You hit Pikel. Your bite misses Pikel.
Pikel is severely wounded.
Pikel hits you but does no damage.
You miss Pikel. Your bite misses Pikel.
Pikel is severely wounded.
Pikel hits you but does no damage.
You barely miss Pikel. You bite Pikel. You drain his power.
Pikel is severely wounded.
Pikel hits you but does no damage.
You barely miss Pikel. Your bite misses Pikel.
Pikel is severely wounded.
Pikel hits you but does no damage.
You are electrocuted!
You hit Pikel but do no damage. You bite Pikel. You drain his power.
You feel invigorated.
Pikel is severely wounded.
Pikel hits you with a +1 whip of electrocution.
Pikel hits you with a +1 whip of electrocution!
You hit Pikel but do no damage.
Pikel is severely wounded.
You barely miss Pikel.
Pikel is severely wounded.
Pikel hits you with a +1 whip of electrocution.
You completely miss Pikel. Your bite misses Pikel.
Pikel is severely wounded.
Pikel hits you with a +1 whip of electrocution.
The lemure hits you.
You hit Pikel.
Pikel is almost dead.
Pikel hits you but does no damage.
You are electrocuted!!
Ouch! That really hurt!
You die...
Pikel says, "Another soul for the market."

###........##
####........#
#............#
#.###........#
#.....)).#
#######..##
....###)<#
#......##
#####@5.# .
##K#.# #
#55..# ####
#########..###
...
...........#
.) ####....#.#
.#
....5..#.#.#
.#
?#####$.....
.# ##.##.?.


You could see Pikel and 3 lemures.

Vanquished Creatures
  An ogre (D:3)
  A bullfrog (D:4)
  A crimson imp (D:4)
  A hound (D:5)
  4 gnolls (D:5)
  2 adders
  A white imp (D:4)
  An ufetubus (D:4)
  A dart slug (D:3)
  A ribbon worm (D:2)
  6 orcs
  3 ball pythons
  5 endoplasms
  3 giant cockroaches
  5 goblins
  2 hobgoblins (D:2)
  A quokka (D:2)
  A bat (D:3)
  2 frilled lizards
  3 kobolds
  3 rats
48 creatures vanquished.

Notes
Turn   | Place    | Note
-------+----------+-------------------------------------------
     0 | D:1      | Daunt the Vine Stalker Fighter began the quest for the Orb.
     0 | D:1      | Reached XP level 1. HP: 11/11 MP: 2/2
    26 | D:1      | You fall into a shaft and drop 1 floor!
    66 | D:2      | Reached XP level 2. HP: 12/16 MP: 3/3
   129 | D:2      | Found Pagh's Antique Armour Boutique.
   148 | D:2      | Reached XP level 3. HP: 20/20 MP: 4/4
   206 | D:3      | Noticed an ogre
   223 | D:3      | Killed an ogre
   224 | D:3      | Reached XP level 4. HP: 13/24 MP: 5/5
   224 | D:3      | Reached XP level 5. HP: 15/28 MP: 6/6
   306 | D:5      | Entered Level 5 of the Dungeon
   660 | D:5      | Noticed Pikel
   660 | D:5      | Noticed a lemure
   660 | D:5      | Noticed a lemure
   660 | D:5      | Noticed a lemure
   660 | D:5      | Noticed a lemure
   675 | D:4      | Reached XP level 6. HP: 31/33 MP: 4/7
   889 | D:5      | Mangled by Pikel

Illustrated notes

Levels and vault maps discovered:
D:1:      mrwooster_arrival_statue_3, layout_basic, nicolae_hexahallways,
          kennysheep_minor_cross, minmay_misc_feat_roman
D:2:      layout_loops_cross, serial_shops, nicolae_shop_rolling_square,
          minmay_between
D:3:      layout_basic, nemelex_altar_shiori, fedhas_altar_fruit_tree,
          grunt_ministairs_2, dk_noncrumbling_2
D:4:      layout_rooms, grunt_ministairs_3, minmay_fire_ice_demons
D:5:      layout_rooms, nicolae_uskayaw_dance_hall, serial_shops,
          nicolae_shop_tiny_real_fake_doors, uniq_pikel

Skill      XL: |  1  2  3  4  5  6 |
---------------+-------------------+-----
Axes           | 2 3 4 |  4.2
Fighting       | 3 4 |  4.1
Shields        | 3 |  3.4
Armour         | 3 |  3.0

Action                     |  1- 3 |  4- 6 || total
---------------------------+-------+-------++-------
  Melee: War axe           |    44 |    95 ||   139
         Bite              |     8 |    20 ||    28
         Whip              |       |    12 ||    12
   Fire: Sling             |       |     2 ||     2
  Throw: Dart              |     1 |       ||     1
  Evoke: Wand              |       |     2 ||     2
    Use: Potion            |     1 |       ||     1
 Armour: Scale mail        |    24 |    41 ||    65
         Chain mail        |       |    58 ||    58
  Dodge: Dodged            |    19 |    58 ||    77
  Block: Buckler           |     8 |    33 ||    41
